 Dungeon Crawl Stone Soup version 0.30.1-3-gfc49f6343a (webtiles) character file.

Game seed: 7179136655039071559

61 Bronimir the Insei (level 4, -2/32 HPs)
             Began as a Djinni Transmuter on July 29, 2023.
             Slain by a gnoll
             ... wielding a +0 halberd
              (8 damage)
             ... on level 2 of the Dungeon.
             The game lasted 00:03:50 (1657 turns).

Bronimir the Insei (Djinni Transmuter)              Turns: 1657, Time: 00:03:51

Health: -2/32      AC:  3    Str: 11    XL:     4   Next: 27%
Gold:   63         EV: 12    Int: 14    God:
                   SH:  0    Dex: 14

rFire   + +          .
                       - Unarmed
rCold   x . .        (no shield)
rNeg    . . .        a - +0 robe
rPois   ∞            g - +1 hat
rElec   .            (no cloak)
rCorr   .            (no gloves)
SInv    .            (boots unavailable)
Will    .....        (no amulet)
Stlth   +            (no ring)
HPRegen 0.25/turn    (no ring)
MPRegen 0.00/turn

%: infuse magic (-3 HP)
@: wereblooded, flying
A: sickness immunity, fire resistance 2, cold vulnerability 1, float, innate
caster, HP casting, extra vitality 1
a: no special abilities


You were on level 2 of the Dungeon.
You visited 1 branch of the dungeon, and saw 2 of its levels.

You collected 63 gold pieces.

Inventory:

Armour
 a - a +0 robe (worn)
 g - a +1 hat (worn)
Scrolls
 d - a scroll of identify
Potions
 b - a potion of lignification
 c - 4 potions of curing
 f - a potion of degeneration {unknown}
 j - a potion of attraction {unknown}
 l - a potion of resistance {unknown}


   Skills:
 * Level 1.4 Fighting
 * Level 2.7 Dodging
 * Level 4.2 Unarmed Combat
 + Level 1.7 Spellcasting


You knew the following spells:

 Your Spells              Type           Power      Damage    Failure   Level
a - Beastly Appendage     Tmut           12%        N/A       12%         1
b - Wereblood             Tmut           6%         N/A       19%         2
c - Spider Form           Tmut/Pois      6%         N/A       34%         3
d - Ice Form              Ice/Tmut       6%         N/A       75%         4
e - Magic Dart            Conj           24%        1d4       12%         1
Your spell library was empty.

Dungeon Overview and Level Annotations

Branches:
Dungeon (2/15)

Altars:


Innate Abilities, Weirdness & Mutations

You are immune to sickness and miasma.
You are immune to poison.
Your flesh is very heat resistant. (rF++)
You are vulnerable to cold. (rC-)
You float through the air rather than walking.
You learn spells naturally, not from books.
Your magical power is your life essence.
You have superior vitality. (+4 MHP)


Message History

The gnoll hits you from afar with a +0 halberd.
You fly upwards.
There is a stone staircase leading down here.
You start resting.
HP restored.
You start waiting.
Done waiting.
There is an open door here.
There is a stone staircase leading down here.
You fly downwards.
There is a stone staircase leading up here.
You see here a +2 spear of freezing.
The gnoll shouts!
You hear a shout!
A gnoll is nearby!
The gnoll shouts!
Your blood is infused with primal strength.
The gnoll closely misses you. The gnoll hits you with a +0 halberd!
The gnoll barely misses you.
You closely miss the gnoll. The gnoll closely misses you.
The gnoll barely misses you.
You closely miss the gnoll. The gnoll barely misses you.
You barely miss the gnoll. The gnoll closely misses you. x2
You hit the gnoll.
The gnoll is heavily wounded.
The gnoll hits you with a +0 halberd.
The gnoll throws a stone.
The stone misses you.
You completely miss the gnoll.
The gnoll is heavily wounded.
The gnoll completely misses you. The gnoll closely misses you.
You hit the gnoll. You punch the gnoll.
The gnoll is almost dead.
The gnoll hits you with a +0 halberd.
The gnoll hits you from afar with a +0 halberd!
* * * LOW HITPOINT WARNING * * *
You are too injured to fight recklessly!
You hit the gnoll.
The gnoll is almost dead.
The gnoll throws a stone.
The stone barely misses you. The gnoll hits you with a +0 halberd!
You die...

gg...g.#.##.#.##!#..#
..####.#.##.#.##.# .#
#.###....##..#..#. .
#...†....g..#.##.#
#####....##........ #
##...........### #
###........g.# #
#########..# # #@g# #
#..# # #..# ###### ###
#..#
##...####.######..##.#
...#.#...#.....).....#
##......###.####..####
.........#.## #..#
.###.#.##.######..#


You could see 2 gnolls.

Vanquished Creatures
  A gnoll (D:1)
  2 adders (D:2)
  A worm (D:2)
  A bat (D:2)
  4 endoplasms
  A giant cockroach (D:1)
  4 goblins
  4 hobgoblins
  A kobold (D:1)
  2 quokkas
  5 ball pythons
  A frilled lizard (D:1)
  A rat (D:2)
28 creatures vanquished.

Notes
Turn   | Place    | Note
-------+----------+-------------------------------------------
     0 | D:1      | Bronimir the Djinni Transmuter began the quest for the Orb.
     0 | D:1      | Bronimir set off with the following spells memorised:
                  | Beastly Appendage, Wereblood, Spider Form, Ice Form.
     0 | D:1      | Reached XP level 1. HP: 17/17 MP: 0/0
   226 | D:1      | Reached XP level 2. HP: 16/22 MP: 0/0
   750 | D:2      | Reached XP level 3. HP: 8/27 MP: 0/0
   750 | D:2      | Learned a level 1 spell: Magic Dart
  1104 | D:2      | Identified the +1 dagger "Pieq" {holy, Str+4}
  1150 | D:2      | Reached skill level 4 in Unarmed Combat
  1165 | D:2      | Reached XP level 4. HP: 5/32 MP: 0/0
  1657 | D:2      | Slain by a gnoll

Illustrated notes

Levels and vault maps discovered:
D:1:      psy_arrival_conway, layout_basic, serial_park_tiny_pond,
          serial_bayou_ford_a
D:2:      layout_loops_ring, minmay_small_reverse_x

Skill      XL: |  1  2  3 |
---------------+----------+-----
Unarmed Combat | 4 |  4.2
Fighting       | |  1.4
Dodging        | |  2.7
Spellcasting   | |  1.7

Action                     |  1- 3 |  4- 6 || total
---------------------------+-------+-------++-------
  Melee: Unarmed           |   117 |    17 ||   134
         Punch             |     1 |     2 ||     3
   Cast: Beastly Appendage |     1 |       ||     1
         Wereblood         |     5 |     1 ||     6
    Use: Scroll            |       |     6 ||     6
 Armour: Robe              |    21 |     1 ||    22
  Dodge: Dodged            |    84 |    24 ||   108
